AoeStats
← KaRaKaPLaN

Glade

510377751Analyzed
1v1 RM · 1d ago on Sep 30, 2026· 49m 2s· 2 players
Game mode
Random Map
Map size
Tiny (2 player)
Population
200
Speed
Normal
Resources
Standard
Victory
Conquest
Starting age
Dark Age
Ending age
Imperial Age
RankedLock teamsTeams togetherTeam positionsShared explorationLock speedFull tech treeHidden civsTurbo modeCheats
Victory
Defeat
🇹🇷 Maya · Türkiye
1306
+15
🇧🇴 Spanish · Bolivia
1274
-15
boaa
7:07 Loom
9:24 Feudal Age
9:47 Horse Collar
9:54 Double-Bit Axe
9:56 Man-at-Arms
19:24 Castle Age
17:40 Stone Mining
17:52 Gold Mining
18:43 Bloodlines
19:41 Scale Barding Armor
19:29 Fletching
21:10 Bodkin Arrow
21:15 Padded Archer Armor
20:36 Elite Skirmisher
23:04 Heavy Plow
23:20 Bow Saw
30:46 Imperial Age
28:45 Husbandry
28:51 Scale Barding Armor
29:32 Ballistics
30:43 Wheelbarrow
32:53 Chemistry
32:48 Bracer
38:08 Hand Cart
39:28 Chain Barding Armor
42:05 Forging
43:30 Two-Man Saw
42:26 Elite Conquistador
43:44 Iron Casting
44:24 Scale Mail Armor
43:46 Cavalier
44:05 Long Swordsman
45:39 Plate Barding Armor
46:04 Blast Furnace
44:53 Gambesons
46:04 Chain Mail Armor
45:12 Two-Handed Swordsman
48:46 Champion
49:59 Plate Mail Armor
KaRaKaPLaN
0:33 Loom
10:14 Feudal Age
14:51 Castle Age
13:21 Double-Bit Axe
15:16 Fletching
24:51 Bow Saw
24:29 Horse Collar
26:49 Heavy Plow
31:01 Imperial Age
28:55 Bodkin Arrow
33:53 Chemistry
35:23 Scale Mail Armor
35:33 Forging
35:23 Bracer
35:13 Eagle Warrior
35:54 Squires
36:49 Chain Mail Armor
36:54 Elite Eagle Warrior
39:14 Holcans
39:45 Plate Mail Armor
39:52 Iron Casting
42:54 Crop Rotation
44:40 Blast Furnace
43:32 Capped Ram
45:02 Arson
45:16 Pikeman
45:58 Halberdier
Connection lost

Rejoining the realm…

Still unreachable

The connection could not be restored.

Session expired

The server has moved on; the page needs a fresh start.